 Dungeon Crawl Stone Soup version 0.21-a0-200-gb89f83b (webtiles) character file.

2874 Goblin1989 the Martial Artist (level 9, -10/68 HPs)
             Began as a Demonspawn Assassin on Aug 16, 2017.
             Was an Initiate of Gozag.
             Killed from afar by a gnoll shaman (32 damage)
             ... with an exploding inner flame
             ... hexed by the player character
             ... on level 8 of the Dungeon.
             The game lasted 00:23:49 (8990 turns).

Goblin1989 the Martial Artist (Demonspawn Assassin) Turns: 8990, Time: 00:23:49

Health: -10/68     AC:  9    Str: 20    XL:     9   Next: 47%
Magic:  9/9        EV: 10    Int: 12    God:    Gozag
Gold:   807        SH:  3    Dex: 15    Spells: 8/8 levels left

rFire    . . .     SeeInvis .     - Unarmed
rCold    . . .     Gourm    .   (no shield)
rNeg     + . .     Faith    .   Q - +0 scale mail
rPois    +         Spirit   .   (helmet restricted)
rElec    .         Reflect  +   d - +0 cloak
rCorr    .         Harm     .   (no gloves)
MR       .....                  y - +0 pair of boots
Stlth    +.........             L - +3 amulet of reflection
HPRegen  0.21/turn              o - ring of poison resistance
MPRegen  0.11/turn              C - ring of positive energy

@: mighty, lethally poisoned (-10 -> -11), about to teleport, drained
A: claws 1, horns 1, demonic guardian 1, powered by death 2
a: Potion Petition, Call Merchant, Bribe Branch, Renounce Religion


You were on level 8 of the Dungeon.
You worshipped Gozag.
Gozag was pleased with you.
You were very hungry.

You visited 2 branches of the dungeon, and saw 9 of its levels.

You collected 867 gold pieces.
You paid 60 gold pieces to Gozag.

Inventory:

Hand Weapons
 w - a +0 blowgun {@w1}
 Z - a +2 dagger of venom
Missiles
 g - 39 poisoned needles
 A - 65 bolts
 D - 57 sling bullets
 G - 197 stones (quivered)
 H - 3 needles of confusion
Armour
 d - a +0 cloak (worn)
 t - a cursed -1 ring mail
 y - a +0 pair of boots (worn)
 Q - a +0 scale mail (worn)
Jewellery
 l - an uncursed ring of flight
 o - a ring of poison resistance (left claw)
 C - a ring of positive energy (right claw)
 F - an uncursed amulet of rage
 I - an uncursed ring of positive energy
 L - a +3 amulet of reflection (around neck)
Wands
 N - a wand of scattershot (5/9)
Scrolls
 x - a scroll of enchant weapon {unknown}
 E - 2 scrolls of amnesia
 K - 4 scrolls of remove curse {@r2}
 M - 2 scrolls of enchant armour {unknown}
 R - 2 scrolls of identify {@r1}
 T - 3 scrolls of teleportation {!r, @r3}
 W - 3 scrolls of immolation
 X - a scroll of blinking {unknown}
Potions
 u - a potion of mutation {unknown}
 v - 2 potions of lignification
 z - a potion of might
 B - 2 potions of haste {@q3, !q}
 J - a potion of agility {unknown}
 O - 3 potions of curing {@q1}
 V - a potion of degeneration {unknown}
 Y - 2 potions of resistance
Books
 P - a book of Geomancy

   Spells                             Type                      Level
   a - Sandblast                      Earth                        1
   b - Passwall                       Transmutation/Earth          2
   c - Stone Arrow                    Conjuration/Earth            3
   d - Petrify                        Transmutation/Earth          4
   e - Lee's Rapid Deconstruction     Earth                        5
Comestibles
 e - 4 bread rations {@e1}
 U - 4 meat rations {@e2}


   Skills:
 + Level 5.4(5.1) Fighting
 - Level 1.7(1.5) Short Blades
 - Level 1.7(1.5) Throwing
 + Level 3.7(3.4) Armour
 - Level 0.8(0.6) Dodging
 - Level 3.6(3.3) Stealth
 * Level 10.2(9.9) Unarmed Combat


You had 8 spell levels left.
You didn't know any spells.

Dungeon Overview and Level Annotations

Branches:
Dungeon (8/15)             Temple (1/1) D:4
   Lair: D:8-11

Altars:
Ashenzari
Cheibriados
Dithmenos
Elyvilon
Fedhas
Gozag
Hepliaklqana
Kikubaaqudgha
Makhleb
Nemelex Xobeh
Qazlal
Ru
Sif Muna
Trog
Uskayaw
Vehumet
Xom
Yredelemnul
Zin
The Shining One

Shops:
D:5 =

Annotations:
D:8 MackTheKnife's ghost, novice HuWn


Innate Abilities, Weirdness & Mutations

You have sharp fingernails.
You have a pair of small horns on your head.
A weak demonic guardian rushes to your aid.
You regenerate health from kills.


Message History

The big kobold hits you.
Your shadow imp misses the kobold.
You take 5 damage, and have 44/68 hp.
You claw the big kobold!
You kill the big kobold!
The gnoll is no longer distracted by gold.
The gnoll shaman calls upon its god to speed up the gnoll.
The gnoll seems to speed up.
The kobold shoots a poisoned needle.
The poisoned needle hits you!
You are poisoned.
Your shadow imp hits the kobold.
The kobold barely misses your shadow imp.
The kobold is distracted by the nearby gold.
You feel sick.
The kobold hits your shadow imp but does no damage.
Your shadow imp misses the kobold.
You claw the gnoll shaman!
The gnoll shaman is heavily wounded.
You feel sick. You block the gnoll's attack.
The gnoll shaman hits you with a whip.
Your shadow imp closely misses the kobold.
The kobold barely misses your shadow imp.
Your shadow imp hits the kobold.
The kobold dies!
You take 2 damage, and have 43/68 hp.
You barely miss the gnoll shaman. You headbutt the gnoll shaman.
The gnoll shaman is severely wounded.
The gnoll hits you but does no damage. The gnoll shaman hits you with a whip.
The gnoll hits you but does no damage.
You take 5 damage, and have 38/68 hp.
You barely miss the gnoll shaman.
The gnoll shaman is severely wounded.
You feel sick.
The gnoll is distracted by the nearby gold.
The gnoll closely misses you. The gnoll shaman hits you with a whip.
MackTheKnife's ghost (novice Human Wanderer) comes into view.
It is wielding a weapon of draining.
You take 1 damage, and have 37/68 hp.
As you read the scroll labeled XYVIKEBAWA, it crumbles to dust.
It is a scroll of identify.
Y - 2 potions of resistance;
R - 2 scrolls of identify
L - a +3 amulet of reflection (around neck)
The gnoll is no longer distracted by gold.
The kobold is no longer distracted by gold.
The gnoll hits you from afar with a spear.
MackTheKnife's ghost hits your shadow imp.
You block the gnoll shaman's attack.
Your shadow imp hits MackTheKnife's ghost but does no damage.
You take 1 damage, and have 36/68 hp.
As you read the scroll labeled ZUEHAI TYITH, it crumbles to dust.
The creatures around you are filled with an inner flame!
It was a scroll of immolation.
You feel sick.
Your shadow imp disappears in a puff of smoke!
The gnoll hits you but does no damage. The gnoll completely misses you.
The gnoll shaman hits you but does no damage.
Your shadow imp barely misses MackTheKnife's ghost.
You take 1 damage, and have 35/68 hp.
Unknown command.
As you read the scroll labeled ONLAOCSICHI, it crumbles to dust.
It is a scroll of amnesia.
You feel forgetful for a moment. You block the gnoll's attack.
MackTheKnife's ghost hits you. You partially resist.
You feel drained. You block the gnoll shaman's attack.
Your shadow imp closely misses MackTheKnife's ghost.
You take 4 damage, and have 31/68 hp.
As you read the scroll labeled HUR FAUPUOMES, it crumbles to dust.
You feel blessed for a moment.
It was a scroll of remove curse.
You feel sick.
The gnoll hits you from afar with a spear.
* * * LOW HITPOINT WARNING * * *
MackTheKnife's ghost hits you.
* * * LOW HITPOINT WARNING * * *
You partially resist.
You feel drained. The gnoll completely misses you.
The gnoll shaman hits you with a whip.
* * * LOW HITPOINT WARNING * * *
Your shadow imp barely misses MackTheKnife's ghost.
You take 7 damage, and have 24/68 hp.
Unknown command.
As you read the scroll labeled FES MU PAZAFA, it crumbles to dust.
You feel strangely unstable.
It was a scroll of teleportation.
T - 3 scrolls of teleportation;
D - 57 sling bullets The gnoll hits you but does no damage.
Your iron imp hits MackTheKnife's ghost.
MackTheKnife's ghost closely misses you.
The gnoll shaman invokes the aid of its god against you.
You easily resist.
Your shadow imp barely misses MackTheKnife's ghost.
It was a potion of might.
You feel very mighty all of a sudden.
You feel sick. The gnoll hits you but does no damage.
MackTheKnife's ghost misses you.
Your iron imp hits MackTheKnife's ghost but does no damage.
The gnoll hits you from afar with a spear.
* * * LOW HITPOINT WARNING * * *
The gnoll shaman barely misses you.
Your shadow imp barely misses MackTheKnife's ghost.
You take 3 damage, and have 22/68 hp.
Unknown command.
You claw the gnoll shaman!
The gnoll shaman explodes!
The fiery explosion engulfs you!
You die...
Your body crumbles into a pile of gold. ....
K... █K██

....█ ███
█K█..███>. $█.█
█.█$█
█5███K..███ $
█5W@§gg...█
█████K..█.█
██...█.█
█.███..█ █.█
█..█ █.█
█.███..█ ███ █.█
██...█.███.███.█
█████.██...██.█
█.█.....█.██


You could see MackTheKnife's ghost (inner flame), 2 gnolls, 2 kobolds, a
friendly iron imp and a friendly shadow imp.

Vanquished Creatures
  A two-headed ogre (D:7)
  A water moccasin (D:6)
  A hornet zombie (D:8)
  A centaur (D:5)
  2 ogres (D:6)
  A big kobold (D:8)
  A bullfrog (D:7)
  4 killer bees (D:7)
  A howler monkey (D:4)
  2 crimson imps
  A centaur zombie (D:6)
  A hound (D:7)
  2 bullfrog skeletons (D:5)
  7 orc priests
  6 orc wizards
  A gnoll shaman (D:8)
  An iguana (D:6)
  5 worker ants
  2 hound skeletons (D:5)
  17 adders
  7 gnolls
  2 shadow imps (D:6)
  An ooze (D:5)
  An adder zombie (D:7)
  An adder skeleton (D:6)
  3 worms
  A dart slug (D:5)
  4 leopard geckos
  28 orcs
  4 giant cockroaches
  13 goblins
  14 hobgoblins
  7 jackals
  13 kobolds
  4 quokkas
  4 bats
  3 frilled lizards
  5 rats
173 creatures vanquished.

Vanquished Creatures (collateral kills)
  A hippogriff (D:7)
  A bullfrog (D:6)
  A wyvern skeleton (D:7)
  A scorpion (D:5)
  3 orc wizards (D:7)
  An orc priest (D:7)
  A worker ant (D:6)
  3 orcs
  3 kobolds (D:8)
15 creatures vanquished.

Grand Total: 188 creatures vanquished

Notes
Turn   | Place    | Note
-------+----------+-------------------------------------------
     0 | D:1      | Goblin1989 the Demonspawn Assassin began the quest for the Orb.
     0 | D:1      | Reached XP level 1. HP: 16/16 MP: 1/1
   672 | D:1      | Gained mutation: You regenerate a little health from kills. [demonic ancestry]
   672 | D:1      | Reached XP level 2. HP: 23/23 MP: 2/2
  1230 | D:2      | Gained mutation: You have sharp fingernails. [demonic ancestry]
  1230 | D:2      | Reached XP level 3. HP: 21/29 MP: 3/3
  1484 | D:2      | Reached skill level 1 in Unarmed Combat
  1925 | D:2      | Reached skill level 2 in Unarmed Combat
  1925 | D:2      | Reached XP level 4. HP: 3/36 MP: 4/4
  2987 | D:3      | Reached skill level 3 in Unarmed Combat
  3263 | D:3      | Gained mutation: A weak demonic guardian rushes to your aid. [demonic ancestry]
  3263 | D:3      | Reached XP level 5. HP: 41/41 MP: 5/5
  3473 | D:3      | Reached skill level 4 in Unarmed Combat
  3852 | D:3      | Reached XP level 6. HP: 44/47 MP: 6/6
  4477 | D:4      | Reached skill level 5 in Unarmed Combat
  4869 | D:4      | Got a shimmering falchion
  4870 | D:4      | Identified the +7 falchion "Demonbane" {freeze, *Corrode Dex+3 Stlth+} (You found it on level 4 of the Dungeon)
  4987 | D:4      | Found a glowing silver altar of Zin.
  5191 | D:4      | Found a basalt altar of Yredelemnul.
  5728 | D:4      | Reached skill level 6 in Unarmed Combat
  5728 | D:4      | Reached XP level 7. HP: 38/52 MP: 7/7
  5930 | D:4      | Found a staircase to the Ecumenical Temple.
  5940 | Temple   | Entered the Ecumenical Temple
  6034 | Temple   | Became a worshipper of Gozag Ym Sagoz the Greedy
  6143 | D:5      | Entered Level 5 of the Dungeon
  6386 | D:5      | Reached skill level 7 in Unarmed Combat
  6398 | D:5      | Found Ufeadif's Jewellery Shoppe.
  6853 | D:6      | HP: 2/52 [water moccasin (5)]
  6996 | D:6      | Found a burning altar of Makhleb.
  7004 | D:6      | Gained mutation: You have a pair of small horns on your head. [demonic ancestry]
  7004 | D:6      | Reached XP level 8. HP: 32/59 MP: 8/8
  7027 | D:6      | Reached skill level 8 in Unarmed Combat
  7140 | D:6      | Found a hide-covered altar of Uskayaw.
  7712 | D:7      | Reached skill level 1 in Armour
  7839 | D:7      | Reached skill level 9 in Unarmed Combat
  7890 | D:7      | Noticed a hippogriff
  7907 | D:7      | Killed a hippogriff
  8516 | D:7      | Found a bloodstained altar of Trog.
  8578 | D:7      | Gained mutation: You regenerate health from kills. [demonic ancestry]
  8578 | D:7      | Reached XP level 9. HP: 42/66 MP: 9/9
  8684 | D:8      | Noticed a two-headed ogre
  8703 | D:7      | Killed a two-headed ogre
  8703 | D:7      | Reached skill level 5 in Fighting
  8703 | D:7      | Reached skill level 10 in Unarmed Combat
  8984 | D:8      | Noticed MackTheKnife's ghost (novice HuWn)
  8990 | D:8      | Killed from afar by a gnoll shaman

Vault maps used:
D:1:      sevenhm_arrival_forest_fort_large_4
D:3:      kennysheep_big_flooded_room, minmay_hedge_maze
D:4:      corexii_shantytown, yredelemnul_altar_generic, old_standard_altar,
          lemuel_temple_firewalk_b
D:5:      serial_shops, kennysheep_mini_moat, first_bread,
          minmay_misc_feat_columns
D:6:      lemuel_doored_altar, basic_altar, enter_ossuary_1
D:7:      david_defended_altar_orc
Temple:   compressed_dpeg_circular_temple

Skill      XL: |  1  2  3  4  5  6  7  8  9 |
---------------+----------------------------+-----
Fighting       | 3 4 5 |  5.4
Unarmed Combat | 2 3 4 6 7 9 10 | 10.2
Armour         | 2 3 |  3.7
Short Blades   | |  1.7
Throwing       | |  1.7
Dodging        | |  0.8
Stealth        | |  3.6

Action                   |  1- 3 |  4- 6 |  7- 9 || total
-------------------------+-------+-------+-------++-------
Melee: Dagger            |    54 |       |       ||    54
       Unarmed           |    35 |   276 |   250 ||   561
       Punch             |       |     7 |     5 ||    12
       Falchion          |       |    13 |       ||    13
       Headbutt          |       |       |    19 ||    19
 Fire: Blowgun           |     6 |       |    24 ||    30
  Use: Potion            |       |       |     4 ||     4
       Scroll            |       |       |     5 ||     5
 Stab: Sleeping          |     8 |    10 |       ||    18
       Distracted        |       |     2 |     3 ||     5
  Eat: Chunk             |     3 |    12 |     1 ||    16
       Royal jelly       |       |       |     2 ||     2
       Bread ration      |       |       |     1 ||     1
Armor: Robe              |    16 |    32 |       ||    48
       Ring mail         |       |    35 |    18 ||    53
       Scale mail        |       |       |    58 ||    58
       Skin              |       |       |     2 ||     2
Dodge: Dodged            |    61 |   134 |    92 ||   287
Block: Other             |       |    35 |    28 ||    63
       Rpst.: Falchion   |       |     2 |       ||     2

Vault maps used:
D:1:      sevenhm_arrival_forest_fort_large_4
D:3:      kennysheep_big_flooded_room, minmay_hedge_maze
D:4:      corexii_shantytown, yredelemnul_altar_generic, old_standard_altar,
          lemuel_temple_firewalk_b
D:5:      serial_shops, kennysheep_mini_moat, first_bread,
          minmay_misc_feat_columns
D:6:      lemuel_doored_altar, basic_altar, enter_ossuary_1
D:7:      david_defended_altar_orc
Temple:   compressed_dpeg_circular_temple
